 Dungeon Crawl Stone Soup version 0.21.1-1-g345015f (webtiles) character file.

190 EuclidGuy the Bolt Thrower (level 5, -4/48 HPs)
             Began as a Deep Dwarf Hunter on July 7, 2018.
             Slain by Robin
             ... wielding a +0 short sword
              (5 damage)
             ... on level 4 of the Dungeon.
             The game lasted 00:16:27 (1604 turns).

EuclidGuy the Bolt Thrower (Deep Dwarf Hunter)      Turns: 1604, Time: 00:16:28

Health: -4/48      AC:  4    Str: 15    XL:     5   Next: 41%
Magic:  5/5        EV: 13    Int: 12    God:
Gold:   64         SH:  0    Dex: 14    Spells: 4/4 levels left

rFire    . . .     SeeInvis .   a - +1 hand crossbow
rCold    . . .     Gourm    .   (no shield)
rNeg     . . .     Faith    .   c - +1 leather armour
rPois    .         Spirit   .   (no helmet)
rElec    .         Reflect  .   (no cloak)
rCorr    .         Harm     .   (no gloves)
MR       .....                  (no boots)
Stlth    ++........             (no amulet)
HPRegen  0.00/turn              (no ring)
MPRegen  0.09/turn              (no ring)

@: non-regenerating
A: damage resistance, heal wounds, sense surroundings 1, no regeneration
a: Heal Wounds


You were on level 4 of the Dungeon.
You were not hungry.

You visited 1 branch of the dungeon, and saw 4 of its levels.

You collected 64 gold pieces.

Inventory:

Hand Weapons
 a - a +1 hand crossbow (weapon)
 b - a +0 short sword
Missiles
 i - 28 arrows
 l - 5 needles of confusion
 p - 9 poisoned needles
Armour
 c - a +1 leather armour (worn)
 j - a +0 chain mail
 q - a +0 leather armour
Scrolls
 k - a scroll of remove curse
 m - a scroll of amnesia
Potions
 h - a potion of brilliance
 t - 2 potions of curing
Comestibles
 f - 3 rations


   Skills:
 + Level 2.8 Fighting
 + Level 5.1 Crossbows
 + Level 3.3 Dodging
 * Level 4.4 Stealth


You had 4 spell levels left.
You didn't know any spells.

Dungeon Overview and Level Annotations

Branches:
Dungeon (4/15)
 Temple: D:4-7

Altars:
Ashenzari
Elyvilon
Nemelex Xobeh
Qazlal

Annotations:
D:4 Robin


Innate Abilities, Weirdness & Mutations

You are resistant to damage.
You can heal yourself by infusing magical energy.
You passively map a small area around you.
You do not regenerate.


Message History

The goblin barely misses you.
You clumsily bash Robin but do no damage.
Robin says, "A pitiful Dwarf like you will never find the ORB!"
Robin hits you with a short sword. The goblin misses you.
You clumsily bash Robin but do no damage.
Robin hits you but does no damage. The goblin hits you. Robin misses you.
The goblin hits you.
* * * LOW HITPOINT WARNING * * *
You barely miss Robin.
The goblin no longer looks unusually strong.
Robin closely misses you. The goblin hits you but does no damage.
Unknown command.
You clumsily bash Robin but do no damage.
The goblin hits you.
* * * LOW HITPOINT WARNING * * *
Robin points. "Kill!"
The goblin misses you.
You clumsily bash Robin but do no damage.
Robin hits you with a short sword.
You die...

.........#+#...
#..............
*
#..............
#..............
* *
*#<.......,* ,
#O..>#### *
#Z#### #.##g#
#..g@# ######


You could see an ogre, Robin, a goblin and an adder skeleton.

Vanquished Creatures
  The ghost of fitz the Chopper, an amateur HOFi (D:3)
  2 oozes (D:1)
  2 dart slugs (D:1)
  2 ball pythons (D:2)
  6 giant cockroaches
  9 goblins
  3 hobgoblins
  3 jackals (D:1)
  3 bats (D:2)
  3 kobolds
  2 rats
36 creatures vanquished.

Notes
Turn   | Place    | Note
-------+----------+-------------------------------------------
     0 | D:1      | EuclidGuy the Deep Dwarf Hunter began the quest for the Orb.
     0 | D:1      | Reached XP level 1. HP: 19/19 MP: 1/1
   183 | D:1      | Reached XP level 2. HP: 24/26 MP: 2/2
   769 | D:2      | Reached XP level 3. HP: 24/32 MP: 3/3
   904 | D:2      | Found a shattered altar of Ashenzari.
   913 | D:2      | Found a stormy altar of Qazlal.
   928 | D:2      | Found a sparkling altar of Nemelex Xobeh.
   937 | D:2      | Found a white marble altar of Elyvilon.
  1261 | D:3      | Noticed Robin
  1263 | D:3      | Noticed fitz's ghost (amateur HOFi)
  1416 | D:3      | Killed fitz's ghost
  1416 | D:3      | Reached skill level 5 in Crossbows
  1416 | D:3      | Reached XP level 4. HP: 31/40 MP: 4/4
  1416 | D:3      | Reached XP level 5. HP: 36/46 MP: 5/5
  1520 | D:4      | Noticed an ogre
  1603 | D:4      | HP: 1/48 [goblin[Robin] (3)]
  1604 | D:4      | Slain by Robin

Skill      XL: |  1  2  3 |
---------------+----------+-----
Stealth        | 2 4 |  4.4
Fighting       | 2 |  2.8
Crossbows      | 5 |  5.1
Dodging        | 3 |  3.3

Action                   |  1- 3 |  4- 6 || total
-------------------------+-------+-------++-------
Melee: Hand crossbow     |       |    81 ||    81
 Fire: Hand crossbow     |    58 |    14 ||    72
Throw: Stone             |       |     1 ||     1
 Abil: Heal Wounds       |     2 |     2 ||     4
  Use: Scroll            |     6 |     3 ||     9
       Potion            |       |     3 ||     3
  Eat: Ration            |     1 |       ||     1
Armor: Leather armour    |     6 |    38 ||    44
Dodge: Dodged            |    28 |   149 ||   177
